[Event "*** Titled Tuesday Blitz"]
[Site "Chess.com"]
[Date "2019.10.01"]
[Round "9"]
[White "Rodalquilar"]
[Black "platy3"]
[Result "0-1"]
[WhiteElo "2656"]
[BlackElo "2854"]
[TimeControl "180+2"]
[EndTime "15:13:53 PDT"]
[Termination "platy3 won by resignation"]

1. d4 Nf6 2. Bf4 g6 3. Nc3 Bg7 4. e4 d6 5. Nf3 O-O 6. Be2 a6 7.
a4 b6 8. O-O Bb7 9. e5 Nfd7 10.
h3 dxe5 11. dxe5 e6 12. Qd2 Nc6 13. Qe3 Qc8 14. Rad1 Ne7 15. g4 Nd5 16. Nxd5 Bxd5 17. c4 Bc6 18. b3 Nc5 19. a5 Rb8 20. b4 Nd7 21. Nd4 Ba8 22. axb6 Rxb6 23. b5 axb5 24.
cxb5 Bd5 25. Nc6 Re8 26. Bg5 Bxc6 27. bxc6 Nxe5 28. Rb1 Nxc6 29. Rxb6 cxb6 30. Qxb6 Nd4 31. Ba6 Qa8 32. Bb7 Qb8 33. Be3 Qe5 34. Rd1 Ne2+ 35. Kf1 Nc3 36. Rd7 Nd5 37. Bxd5 exd5 38. Qb5 Qa1+ 39.
Kg2 d4 40. Rxd4 Qa8+ 41. Qd5 Bxd4 42. Qxa8 Rxa8 43. Bxd4 Ra5 44. Bf6 h6 45. h4 Rb5 46.
Kg3 Kf8 47. f3 Ke8 48. Bg7 h5 49. Bf6 Kd7 50. Kf4 Ke6 51. Bd4 Rb4 52. Ke4 f5+ 53. gxf5+ gxf5+ 54. Ke3 Kd5 55. Bf6 f4+ 56. Kd3 Rb3+ 57.
Bc3 Ra3 58. Kc2 Kc4 59. Bd2 Rxf3 0-1

[Event "*** Titled Tuesday Blitz"]
[Site "Chess.com"]
[Date "2019.10.01"]
[Round "9"]
[White "Witik"]
[Black "kosmeg"]
[Result "1-0"]
[WhiteElo "2654"]
[BlackElo "2499"]
[TimeControl "180+2"]
[EndTime "15:13:55 PDT"]
[Termination "Witik won by resignation"]

1. e4 e5 2. Nf3 Nc6 3. Nc3 Nf6 4. Bb5 Bb4 5. O-O O-O 6. d3 Bxc3 7. bxc3 d6 8. Re1 a6 9. Bxc6 bxc6 10. Bg5 h6 11.
Bh4 Qe7 12. Nd2 Qe6 13. c4 Nd7 14. f3 Qg6 15. Nf1 Nc5 16. Bf2 Ne6 17. Kh1 f5 18. exf5 Rxf5 19. Ng3 Rf8 20. c5 Nf4 21. Qd2 Be6 22. d4 exd4 23. Bxd4 Bd5 24. Re7 Rf7 25. Rae1 Raf8 26. Rxf7 Qxf7 27. Kg1 Bxa2 28. cxd6 cxd6 29. Ne4 Qd5 30. c3 Bc4 31. Qf2 c5 32. Bf6 Kh7 33. Be7 Rf7 34. Nxd6 Rxe7 35. Rxe7 Qxd6 36. Re4 Qd1+ 37.
Re1 Qd5 38. Qe3 Ng6 39. h4 Nxh4 40. Qe7 Nf5 41. Qe5 Qxe5 42. Rxe5 Bd3 43. Rxc5 Kg6 44. c4 Kg5 45. Rc7 h5 46. c5 Kf4 47. Kf2 g5 48. c6 g4 49. fxg4 hxg4 50. Ra7 g3+ 51. Kg1 Bb5 52. c7 Nd6 53. Ra8 Ke3 54. Rd8 Nb7 55.
c8=Q Nxd8 56. Qxd8 Kf4 57. Qd6+ Kg4 58. Qe5 Kh4 59.
Qf4+ Kh5 60. Qxg3 Kh6 61. Qf4+ Kh7 62. Kf2 1-0

[Event "*** Titled Tuesday Blitz"]
[Site "Chess.com"]
[Date "2019.10.01"]
[Round "9"]
[White "santosalberto1987"]
[Black "FearNoEvil12"]
[Result "1/2-1/2"]
[WhiteElo "2366"]
[BlackElo "2058"]
[TimeControl "180+2"]
[EndTime "15:14:11 PDT"]
[Termination "Game drawn by stalemate"]

1. e4 a6 2. d4 b5 3. Bd3 Bb7 4. Nf3 e6 5. O-O Nf6 6. Qe2 d6 7. Bg5 h6 8. Bh4 g5 9. Bg3 Nbd7 10. c3 Rg8 11. Nbd2 h5 12. h4 gxh4 13. Nxh4 Be7 14. a4 Ng4 15. Nhf3 bxa4 16. Rxa4 h4 17. Bf4 e5 18. Be3 Nxe3 19. fxe3 Bf8 20. Bc4 Bh6 21.
Bxf7+ Kxf7 22. Nxe5+ Kg7 23. Rf7+ Kh8 24. Qh5 Qg5 25. Qxg5 Bxg5 26. Nxd7 Bxe3+ 27. Kf1 Bxd2 28. Nf6 Rg7 29. Rxg7 Kxg7 30. Nd5 Bxd5 31. exd5 Rb8 32. Rxa6 Rxb2 33. Rc6 Kf6 34. Rxc7 Rc2 35. Rc6 Rxc3 36.
Rxd6+ Kf5 37. Ke2 Bf4 38. Rd8 Re3+ 39. Kf2 Rd3 40. d6 Rxd4 41. d7 Bc7 42. Rh8 Bg3+ 43. Kf3 Rxd7 44. Rf8+ Kg6 45. Rg8+ Kh7 46. Ra8 Rd2 47.
Ra7+ Kg6 48. Ra6+ Kf7 49. Ra7+ Ke6 50. Ra6+ Kd7 51. Ra7+ Kc6 52. Ra6+ Kb7 53. Rh6 Rf2+ 54. Kg4 Rxg2 55. Kh3 Rh2+ 56. Kg4 Kc7 57. Kf3 Kd7 58.
Kg4 Ke7 59. Ra6 Kf7 60. Ra7+ Ke6 61. Ra6+ Kd5 62. Ra5+ Kc4 63. Ra4+ Kb3 64. Ra7 Rf2 65. Kh3 Rf4 66. Rb7+ Kc4 67. Ra7 Kd3 68. Ra3+ Kc2 69.
Ra2+ Kb1 70. Ra6 Rb4 71. Ra7 Kc2 72. Ra2+ Kb3 73. Ra7 Rd4 74. Ra6 Be1 75. Ra8 Bb4 76. Rh8 Be7 77. Ra8 Re4 78. Rb8+ Kc3 79. Ra8 Kd3 80. Rb8 Re3+ 81. Kg2 h3+ 82. Kh1 Bd6 83. Rb3+ Ke2 84. Rxe3+ Kxe3 85. Kg1 Kf3 86. Kh1 Bg3 87.
Kg1 h2+ 88. Kh1 Kf2 1/2-1/2

[Event "*** Titled Tuesday Blitz"]
[Site "Chess.com"]
[Date "2019.10.01"]
[Round "9"]
[White "ChessQueen"]
[Black "hypert"]
[Result "1-0"]
[WhiteElo "2619"]
[BlackElo "2443"]
[TimeControl "180+2"]
[EndTime "15:14:13 PDT"]
[Termination "ChessQueen won by resignation"]

1. Nf3 d5 2. g3 g6 3. Bg2 Bg7 4. O-O e5 5. d3 Nc6 6. e4 Nge7 7. Nc3 d4 8. Ne2 O-O 9. Nh4 a5 10. f4 f5 11. fxe5 fxe4 12. Bxe4 Rxf1+ 13. Qxf1 Nxe5 14. Bg5 Ra6 15. Qg2 Rb6 16. b3 c5 17.
Rf1 Nf7 18. Bxe7 Qxe7 19. Bd5 Rf6 20. Nf3 Qe3+ 21. Qf2 Bh6 22. Kg2 Be6 23. Qxe3 Bxe3 24. Bxb7 Nd6 25. Ba8 Rf8 26. Bc6 Rc8 27. Be4 Nxe4 28.
dxe4 a4 29. Nf4 axb3 30. axb3 Bf7 31. Ng5 Be8 32. Nge6 c4 33. Nd5 Bd7 34. Ne7+ Kh8 35. Nxc8 Bxe6 36. bxc4 Bxc4 37. Rf8+ Kg7 38. Re8 d3 39.
cxd3 Bxd3 40. Re7+ Kg8 41. Kf3 Bg5 42. Rc7 h5 43. h4 Bf6 44. Nb6 Bf1 45. Nd5 Be5 46. Re7 Bg7 47. Rd7 Bh3 48. Ra7 Be5 49. Nf4 Bg4+ 50.
Ke3 Bh3 51. Re7 Bf6 52. Rb7 Bg4 53. Rb6 Kf7 54. Rb7+ Kg8 55. Nxg6 Bc3 56. Nf4 Be1 57. Nd5 Bxg3 58. Nf6+ Kf8 59. Nxg4 hxg4 60. h5 Be5 61. h6 Kg8 62. Re7 Bf6 63. Rb7 Bg5+ 64. Kf2 Bxh6 65. Kg3 Kf8 66. Kxg4 Ke8 67. Kf5 Be3 68.
Ke6 Kd8 69. e5 Bc5 70. Rh7 Be3 71. Rh8+ Kc7 72. Kf7 Bd4 73. Rh5 Kd8 74. e6 Bc5 75. Rd5+ 1-0

[Event "*** Titled Tuesday Blitz"]
[Site "Chess.com"]
[Date "2019.10.01"]
[Round "9"]
[White "MathiasWomacka"]
[Black "kingofthenil"]
[Result "0-1"]
[WhiteElo "2305"]
[BlackElo "2567"]
[TimeControl "180+2"]
[EndTime "15:14:13 PDT"]
[Termination "kingofthenil won by resignation"]

1. e4 Nc6 2. Nf3 d6 3. d4 Nf6 4. Nc3 g6 5. d5 Nb8 6. h3 Bg7 7. Be3 O-O 8. Qd2 c6 9. Bh6 b5 10. Bxg7 Kxg7 11. dxc6 Nxc6 12. Bxb5 Qb6 13. Bxc6 Qxc6 14.
Nd5 Be6 15. Nxf6 exf6 16. O-O Qxe4 17. Rfe1 Qd5 18. Qxd5 Bxd5 19. Nd4 Rfe8 20. f3 a6 21. b3 Re5 22. Kf2 Bb7 23. Rad1 Rc8 24. c4 h5 25. Ne2 d5 26. cxd5 Rxd5 27. Rxd5 Bxd5 28. Rd1 Ba8 29. Nd4 Kh7 30. h4 Rd8 31. Rd2 g5 32. g3 Kg6 33. Ke3 Re8+ 34. Kf2 Rd8 35. b4 Rd5 36. a4 Bc6 37. b5 axb5 38. axb5 Bxb5 39. Nb3 Re5 40. f4 gxf4 41. gxf4 Re4 42. Rd4 Re2+ 43. Kf3 Rb2 44. Nd2 Bc6+ 45. Kg3 Kf5 46. Kh3 Rc2 47. Kg3 Bb7 48. Nc4 Rc3+ 49. Kh2 Kg4 50. f5+ Kf3 51. Nd6 Ba6 52. Nxf7 Rc2+ 53. Kg1 Kg3 54. Rd1 Rg2+ 55. Kh1 Bb7 56. Rd3+ Kxh4 57. Nd6 Rg3+ 58. Nxb7 Rxd3 59. Kg2 Rd2+ 60. Kf3 Rb2 61. Nd6 Kg5 62. Ke4 h4 63. Nf7+ Kh5 64. Kf3 h3 0-1

[Event "*** Titled Tuesday Blitz"]
[Site "Chess.com"]
[Date "2019.10.01"]
[Round "9"]
[White "RitvarsReimanis"]
[Black "swayamsm"]
[Result "1-0"]
[WhiteElo "2579"]
[BlackElo "2453"]
[TimeControl "180+2"]
[EndTime "15:14:15 PDT"]
[Termination "RitvarsReimanis won by resignation"]

1. d4 e6 2. c4 b6 3. Nf3 Bb7 4. g3 Bxf3 5. exf3 Bb4+ 6. Bd2 Bxd2+ 7. Nxd2 c6 8. d5 cxd5 9. cxd5 Nf6 10. dxe6 fxe6 11.
Bg2 Nc6 12. f4 Rc8 13. O-O O-O 14. Nf3 Qe7 15. Re1 Nb4 16. Re2 Rc7 17. a3 Nbd5 18. Ng5 Qc5 19. Qd2 h6 20. Nf3 Rfc8 21. Rd1 Qc4 22. h3 Qb3 23. Nd4 Qxd1+ 24. Qxd1 Rc1 25. Re1 Rxd1 26. Rxd1 Kf7 27. Bf1 Ke7 28. Ba6 Rc5 29. Bd3 g5 30. fxg5 hxg5 31. Nb3 Rc7 32. Rc1 a5 33.
Rxc7 Nxc7 34. Nd4 e5 35. Nf5+ Ke6 36. Ne3 d5 37. Bf5+ Kd6 38. Ng4 Nxg4 39. Bxg4 e4 40.
h4 gxh4 41. gxh4 Ke5 42. h5 Ne8 43. Kf1 Nf6 44. Bd1 d4 45. Ke1 Kf5 46. Kd2 Kg5 47.
f3 e3+ 48. Kd3 Nxh5 49. Kxd4 Kf4 50. Kc4 Ng3 51. Kb5 Ke5 52. Kxb6 a4 53. Kb5 Kd4 54. Kxa4 Kd3 55. f4 Ne2 56. f5 Nd4 57. f6 Ne6 58. f7 Kd2 59. Bg4 e2 60. Bxe2 Kxe2 61. Kb5 Kd3 62. a4 Kd4 63. a5 Kd5 64. a6 Kd6 65.
Kb6 Ke7 66. a7 1-0

[Event "*** Titled Tuesday Blitz"]
[Site "Chess.com"]
[Date "2019.10.01"]
[Round "9"]
[White "Bigfish1995"]
[Black "joppie2"]
[Result "1-0"]
[WhiteElo "2998"]
[BlackElo "2869"]
[TimeControl "180+2"]
[EndTime "15:14:32 PDT"]
[Termination "Bigfish1995 won by resignation"]

1. e4 c5 2. Nf3 d6 3. d4 cxd4 4. Nxd4 Nf6 5. Nc3 a6 6. Nb3 Nbd7 7. g4 h6 8. Bg2 Qc7 9. h4 g6 10. g5 Nh5 11. Nd5 Qd8 12. Qd4 Bg7 13. Qc4 Ne5 14. Qc7 Be6 15. Qxd8+ Rxd8 16. Nc7+ Kd7 17. Nxe6 fxe6 18. Nd4 Rdf8 19. Ne2 Nf3+ 20. Bxf3 Rxf3 21. c3 Be5 22. gxh6 Rhf8 23. Be3 Nf4 24. Bxf4 Bxf4 25.
Ng1 Rd3 26. Rd1 Rxd1+ 27. Kxd1 Bxh6 28. Ke2 Rf4 29. f3 d5 30. h5 Rf6 31. Nh3 gxh5 32. Nf2 Kd6 33. e5+ Kxe5 34. Rxh5+ Kd6 35. Ng4 Bc1 36. Nxf6 exf6 37. b3 b6 38. b4 a5 39. Kd3 Ba3 40. bxa5 bxa5 41. Rh8 Bc5 42. Ra8 Bb6 43. a4 e5 44. Rc8 f5 45. Ke2 e4 46. f4 Bc7 47. Kf2 Kd7 48. Ra8 Bxf4 49. Rxa5 Kc6 50. Ra8 Bc7 51. a5 f4 52. a6 Bb6+ 53. Kf1 f3 54. Rc8+ Kd6 55. Rf8 Kc6 56.
Rf7 e3 57. Rxf3 Kb5 58. Rf5 Kxa6 59. Rxd5 Kb7 60. Ke2 Kc6 61. Rh5 Bc5 62. Kd3 Kb5 63. Rh6 Ba7 64. Re6 Bc5 65. Re5 Kc6 66. Kc4 Ba7 67.
Re6+ Kd7 68. Kd5 Kc7 69. c4 Kd7 70. Re4 1-0

[Event "*** Titled Tuesday Blitz"]
[Site "Chess.com"]
[Date "2019.10.01"]
[Round "9"]
[White "JussupowFan"]
[Black "TrenerChos"]
[Result "1/2-1/2"]
[WhiteElo "2211"]
[BlackElo "2395"]
[TimeControl "180+2"]
[EndTime "15:14:38 PDT"]
[Termination "Game drawn - insufficient material"]

1. e4 d5 2. exd5 Nf6 3. d4 Qxd5 4. Nc3 Qa5 5. Nf3 Bg4 6. Be3 Nc6 7. Bb5 e6 8. Bxc6+ bxc6 9. h3 Bxf3 10. Qxf3 Nd5 11. O-O Bd6 12. Ne4 O-O 13. Bd2 Qa4 14. b3 Qxd4 15. Rad1 Qe5 16. g3 Rad8 17. c4 Nf6 18. Nxf6+ Qxf6 19. Qxf6 gxf6 20. Be3 a6 21. Rd4 f5 22. Rfd1 Be7 23. Bf4 Bf6 24. Rd7 e5 25. Rxd8 Rxd8 26. Rxd8+ Bxd8 27. Bxe5 Kf8 28. Kg2 Ke7 29. Kf3 Ke6 30. Kf4 c5 31. Bc3 h6 32.
Ba5 Bg5+ 33. Kf3 c6 34. h4 Bc1 35. h5 Bb2 36. Bd2 Bg7 37. Be3 Bf8 38. Ke2 Ke5 39. f3 Ke6 40. Kd3 Ke5 41. Kc2 Kf6 42. Kb2 Bd6 43.
Bxh6 Bxg3 44. Be3 Bd6 45. Ka3 f4 46. Bd2 Kg5 47. Ka4 Kxh5 48. Ka5 Kh4 49. Kxa6 Kg3 50. Kb7 Kxf3 51. a4 Ke2 52. Bxf4 Bxf4 53. a5 f5 54. a6 Be3 55. a7 f4 56. a8=Q f3 57. Qa2+ Bd2 58. Qc2 f2 59. Qe4+ Be3 60. Qg4+ Ke1 61.
Qg3 Ke2 62. Qg2 Ke1 63. Qf3 Bd2 64. Kxc6 f1=Q 65. Qxf1+ Kxf1 66. Kxc5 Ke2 67. b4 Kd3 68. b5 Be1 69. Kd5 Kc3 70. b6 Kb4 71. b7 Bg3 72. c5 Kb5 73. c6 Kb6 74. c7 Kxc7 75. b8=Q+ Kxb8 1/2-1/2

[Event "*** Titled Tuesday Blitz"]
[Site "Chess.com"]
[Date "2019.10.01"]
[Round "9"]
[White "brendan174"]
[Black "ChessBitl"]
[Result "1-0"]
[WhiteElo "2129"]
[BlackElo "2277"]
[TimeControl "180+2"]
[EndTime "15:14:39 PDT"]
[Termination "brendan174 won by resignation"]

1. d4 Nf6 2. Nc3 g6 3. e4 d6 4. Be3 Bg7 5. f3 O-O 6. Qd2 e5 7. O-O-O exd4 8. Bxd4 Nc6 9. Be3 Be6 10. h4 h5 11. Kb1 Ne7 12. Nge2 d5 13. exd5 Nexd5 14. Nxd5 Nxd5 15. Bh6 Qf6 16. Bxg7 Kxg7 17. Nd4 Rad8 18.
Nxe6+ Qxe6 19. Bd3 Qf6 20. Qf2 Nf4 21. Bc4 c6 22. g3 Ne6 23. Bxe6 Qxe6 24. Rhe1 Rxd1+ 25. Rxd1 b6 26. Qd4+ Kh7 27. g4 hxg4 28. fxg4 Re8 29. h5 Qe4 30. Qf6 Qe6 31. Qh4 Kg8 32. a3 Qe7 33. g5 Qe4 34. Qh3 Qe2 35. Rf1 Qxh5 36. Qb3 Rf8 37. Qc4 Qxg5 38. Qxc6 Qc5 39. Qf3 Qc4 40. Rh1 Rc8 41. Qf6 Qxc2+ 42. Ka1 Qc1+ 43.
Rxc1 Rxc1+ 44. Ka2 Rc8 45. Qe7 a5 46. Qb7 Rf8 47.
Qxb6 Kg7 48. Qxa5 f5 49. Qe5+ Kg8 50. a4 f4 51. Qd5+ Kg7 52. Qf3 g5 53. a5 Kh6 54.
a6 g4 55. Qxg4 f3 56. Qh3+ Kg5 57. Qg3+ Kh5 58. Qf2 Kg4 59. a7 Re8 60. Ka3 Kf4 61. b4 Re2 62. Qh4+ Ke3 63. a8=Q f2 64. Qe8+ Kd2 65.
Qxe2+ Kxe2 66. Qe4+ Kd1 67. Qf3+ Ke1 68. Qxf2+ Kxf2 69. b5 Ke3 70. b6 Kd4 71. b7 Kc5 72. b8=Q Kc6 73. Kb4 Kd5 74. Qc7 Kd4 75. Qc6 Ke5 76.
Qd7 Ke4 77. Qd6 Ke3 78. Kc3 Ke4 79. Qe6+ 1-0

[Event "*** Titled Tuesday Blitz"]
[Site "Chess.com"]
[Date "2019.10.01"]
[Round "9"]
[White "GMKrikor"]
[Black "Msb2"]
[Result "1-0"]
[WhiteElo "2811"]
[BlackElo "2885"]
[TimeControl "180+2"]
[EndTime "15:14:52 PDT"]
[Termination "GMKrikor won by resignation"]

1. c4 e6 2. g3 d5 3. Nf3 dxc4 4. Qa4+ Bd7 5. Qxc4 c5 6. Ne5 Nc6 7. Nxd7 Qxd7 8. Bg2 Nf6 9. O-O Be7 10. b3 Rc8 11.
Bb2 O-O 12. d3 Nd4 13. Re1 Rfd8 14. Nd2 b5 15. Qc1 a6 16. a3 Nd5 17. e3 Nc6 18. Ne4 f5 19. Nd2 Qd6 20. e4 Nb6 21. exf5 exf5 22.
Nf3 Bf6 23. Bxf6 Qxf6 24. Qe3 Nd5 25. Qg5 h6 26. Qxf6 Nxf6 27. Rac1 Nd4 28. Nxd4 Rxd4 29.
Bf1 Rc7 30. Re5 Rd5 31. Rxd5 Nxd5 32. Bg2 Nb6 33. Re1 Kf7 34. Re5 Kf6 35. Re8 Re7 36. Rf8+ Kg6 37. Bc6 Re6 38. Bb7 a5 39. Rb8 Rd6 40.
Kg2 b4 41. axb4 axb4 42. Ba6 Nd7 43. Rd8 Kf6 44. Bc4 Ke7 45. Rg8 Kf6 46. Rd8 Rd4 47. h4 Ne5 48. Rf8+ Ke7 49. Rc8 Nd7 50. h5 f4 51. g4 Kd6 52. Rg8 f3+ 53. Kg3 Ne5 54. Rxg7 Nxc4 55. dxc4 Rd3 56. g5 Ke5 57. gxh6 Rd8 58.
h7 Rh8 59. Rd7 Ke6 60. Rc7 Kf6 61. Kxf3 Kg5 62. Rxc5+ Kh6 63. Rc7 Kxh5 64. Rd7 Kg6 65. c5 Kf6 66. c6 Ke6 67. Ke4 Ra8 68. Rg7 Rh8 69. c7 Kd6 70. Rg8 Rxh7 71. c8=Q Re7+ 72. Kf3 Rf7+ 73. Kg2 Ke5 74. Re8+ Kf6 75. Qe6+ Kg7 76. Re7 1-0

[Event "*** Titled Tuesday Blitz"]
[Site "Chess.com"]
[Date "2019.10.01"]
[Round "9"]
[White "bascheyaro"]
[Black "kosya4ok"]
[Result "0-1"]
[WhiteElo "2751"]
[BlackElo "2640"]
[TimeControl "180+2"]
[EndTime "15:14:56 PDT"]
[Termination "kosya4ok won by resignation"]

1. d4 Nf6 2. Nf3 e6 3. c4 b6 4. Nc3 Bb7 5. Bg5 Bb4 6. Qb3 a5 7. e3 h6 8. Bh4 g5 9. Bg3 Ne4 10. Bd3 d6 11. a3 Bxc3+ 12. bxc3 Nd7 13. Qc2 f5 14. Rg1 Qf6 15. Nd2 Nxd2 16. Qxd2 e5 17. f3 O-O-O 18. O-O-O Rde8 19. Bf2 e4 20. fxe4 Bxe4 21.
Be2 Kb7 22. g4 Rhf8 23. Rdf1 Qe6 24. h4 fxg4 25. hxg5 h5 26. Bh4 Rf5 27. Rf4 Nf8 28. d5 Qe5 29. Rxe4 Qxe4 30. Bd3 Qf3 31. Rf1 Qxf1+ 32.
Bxf1 Rxf1+ 33. Kc2 Ng6 34. Qd3 Nxh4 35. Qxf1 Nf3 36.
g6 Rg8 37. Qd3 Ne5 38. Qf5 Rxg6 39. c5 bxc5 40. Qf8 g3 41. Qe8 Ka7 42. Qc8 Rg7 43. Qf8 Rf7 44. Qg8 h4 45. Kb3 Kb7 46. Ka4 Re7 47. Kb5 Nd7 48. Qg4 Rh7 49. Qg6 Re7 50. Kxa5 Nb6 51. Qg5 Re4 52. Kb5 Ra4 53. Qg8 Rxa3 54.
Qg4 Rb3+ 55. Ka5 Rxc3 56. Qxh4 g2 57. Qg5 Rc2 58. e4 Rb2 59. Qc1 g1=Q 60. Qxb2 Qe1+ 61. Kb5 Qb4+ 62. Qxb4 cxb4 63. Kxb4 Nd7 64. Kb5 Ne5 65.
Ka5 c5 66. dxc6+ Kxc6 67. Kb4 Kb6 68. Kb3 Kc5 69. Kc3 Kc6 70. Kd4 Kd7 71. Ke3 Ke6 72. Kf4 Nd7 73. Ke3 Nc5 0-1

[Event "*** Titled Tuesday Blitz"]
[Site "Chess.com"]
[Date "2019.10.01"]
[Round "9"]
[White "champ2005"]
[Black "Leonid_Starozhilov"]
[Result "1-0"]
[WhiteElo "2821"]
[BlackElo "2685"]
[TimeControl "180+2"]
[EndTime "15:15:13 PDT"]
[Termination "champ2005 won by resignation"]

1. e4 g6 2. d4 Bg7 3. Nf3 d6 4. Bc4 Nf6 5. Qe2 Nc6 6. h3 e5 7.
dxe5 Nxe5 8. Nxe5 dxe5 9. O-O O-O 10. Nc3 c6 11. a4 Nh5 12. Be3 Qe7 13. Rfd1 Nf4 14.
Qf3 Ne6 15. Ne2 Ng5 16. Bxg5 Qxg5 17. Rd6 Qe7 18. Rad1 a6 19. a5 Qc7 20. Qa3 Re8 21. Qa2 Bf8 22. Rf6 Re7 23. Nc3 Kg7 24. Rf3 Be6 25. Bxe6 Rxe6 26. Na4 Rd8 27. Rxd8 Qxd8 28. Qb3 Qxa5 29. Qxb7 Be7 30. Nc3 h5 31. Kh2 h4 32.
Qd7 Qb6 33. b3 Qd8 34. Qxd8 Bxd8 35. Na4 Bg5 36. Rd3 Bf4+ 37. g3 hxg3+ 38. fxg3 Bg5 39. Nc5 Rf6 40. Kg2 a5 41. h4 Bc1 42. Nb7 Re6 43. Nxa5 Ba3 44. Nc4 Bc5 45. Rd7 Kf8 46. g4 Bd4 47. g5 f6 48. Kf3 f5 49. Nd6 f4 50. Nc4 Kg8 51. Kg4 Re8 52. Rd6 Kg7 53.
Rxc6 Rf8 54. Rc7+ Kg8 55. Nd2 f3 56. Nxf3 Rf4+ 57. Kg3 Rxe4 58. Nxd4 exd4 59. Rc4 Kf7 60. Rc7+ Ke6 61. Rc6+ Kf7 62. Rf6+ Kg7 63. Rd6 Kf7 64. b4 d3 65. Rxd3 Rxb4 66. Rf3+ Kg7 67. Rf4 Rb2 68. c4 Rc2 69. Kf3 Rc3+ 70. Ke2 Rc1 71.
Kd3 Rd1+ 72. Kc3 Rc1+ 73. Kb4 Rb1+ 74. Kc5 Rc1 75. Kb5 Rd1 76. c5 Rb1+ 77. Kc6 Re1 78.
Kb6 Rb1+ 79. Kc7 Rf1 80. Rxf1 1-0

[Event "*** Titled Tuesday Blitz"]
[Site "Chess.com"]
[Date "2019.10.01"]
[Round "9"]
[White "Karacsonyi_Gellert"]
[Black "abubakrtagelsir"]
[Result "1-0"]
[WhiteElo "2525"]
[BlackElo "2377"]
[TimeControl "180+2"]
[EndTime "15:15:36 PDT"]
[Termination "Karacsonyi_Gellert won by resignation"]

1. e4 d6 2. d4 Nf6 3. Nc3 g6 4. Bg5 Bg7 5. Qd2 h6 6. Bh4 c6 7. f4 O-O 8. Nf3 d5 9. e5 Ne4 10. Qe3 Bf5 11. Nd2 Nxc3 12. Qxc3 f6 13. Be2 g5 14. Bg3 Nd7 15. exf6 exf6 16. O-O a5 17. a4 Qe7 18. Rae1 Qb4 19. fxg5 fxg5 20. Qxb4 axb4 21. Bd6 Rf7 22. Bh5 Rf6 23. Bxb4 Bxc2 24. Nf3 Bf8 25. Bxf8 Raxf8 26. Bg4 Nb6 27. Re7 Bd3 28. Rfe1 Ba6 29. a5 Nc4 30. b4 Nd6 31. h3 Ne4 32. Ne5 Kh8 33. Kh2 Nf2 34. Nd7 Nxg4+ 35. hxg4 Rf1 36. Nxf8 Rxf8 37. Kg3 Rf6 38. Rd7 Kg8 39. Re8+ Rf8 40. Ree7 Rf6 41. Rg7+ Kf8 42. Rh7 Kg8 43. Rdg7+ Kf8 44.
Rc7 Kg8 45. Rhg7+ Kf8 46. Rgd7 Kg8 47. Re7 Rf4 48. Re1 Rf6 49. Re3 Rf4 50. Re6 Rf7 51.
Rg6+ Kf8 52. Rc8+ Ke7 53. Rxh6 Kd7 54. Rg8 Re7 55. Rxg5 Re3+ 56. Kh4 Kc7 57. Rh8 Re4 58. Rg7+ Kd6 59. Rh6+ Re6 60. Rxe6+ Kxe6 61. g5 Kf5 62. g4+ Ke4 63. g6 Kxd4 64. Re7 Bd3 65. g7 Bh7 66.
Kg5 Kc4 67. Kh6 Bg8 68. Re8 Bf7 69. Rf8 Be6 70. g8=Q Bxg8 71. Rxg8 d4 72. Rd8 Kxb4 73. Rxd4+ Kxa5 74. g5 c5 75. Rd5 Kb4 76. g6 c4 77.
g7 c3 78. g8=Q c2 79. Qg4+ Kb3 80. Rd3+ Kb2 81. Qb4+ Kc1 82. Qd2+ Kb1 83. Rb3+ Ka1 84. Qc1+ 1-0

[Event "*** Titled Tuesday Blitz"]
[Site "Chess.com"]
[Date "2019.10.01"]
[Round "9"]
[White "1stSecond"]
[Black "IMRosen"]
[Result "0-1"]
[WhiteElo "2827"]
[BlackElo "2646"]
[TimeControl "180+2"]
[EndTime "15:15:51 PDT"]
[Termination "IMRosen won by resignation"]

1. d4 d5 2. c4 e6 3. Nf3 Nf6 4. g3 dxc4 5. Bg2 Bb4+ 6. Bd2 c5 7. Bxb4 cxb4 8. Qa4+ Nc6 9. Ne5 Bd7 10. Nxc6 Bxc6 11.
Bxc6+ bxc6 12. Qxb4 Qxd4 13. O-O Nd5 14. Qa3 a5 15.
Nc3 Nb4 16. Qa4 O-O 17. Rfd1 Qc5 18. Rac1 Rfb8 19. Rd2 h5 20. a3 Qg5 21. Ne4 Qe5 22.
Rxc4 Nd5 23. Rxc6 Rxb2 24. Rxb2 Qxb2 25. Rc2 Qb1+ 26. Kg2 h4 27. Ng5 hxg3 28. hxg3 Nf6 29. Rc7 Qf5 30. Nxf7 Rf8 31. Nh6+ gxh6 32. Qh4 Qg5 33. Qc4 Qd5+ 34. Qxd5 Nxd5 35. Ra7 Rc8 36. e4 Nf6 37. f3 Rc2+ 38. Kg1 Rc3 39. Rxa5 Rxf3 40. Ra6 Kf7 41. Kg2 Re3 42. a4 Rxe4 43. a5 Ra4 44. Ra8 Nd5 45. a6 Nb6 46. Ra7+ Kf6 47.
Kf3 Kf5 48. Rf7+ Ke5 49. Ra7 h5 50. Kg2 Nd5 51. Kh3 Nb4 52. Rh7 Rxa6 53. Rxh5+ Kd6 54.
g4 Nd5 55. Rh8 Ra1 56. Kg3 Ra3+ 57. Kh4 Ke5 58. g5 Ne7 59. Kg4 Ra4+ 60. Kh5 Ra1 61.
Kg4 Rg1+ 62. Kf3 Rxg5 63. Ra8 Nd5 64. Ra4 Rh5 65. Kg4 Rf5 66. Kg3 Rf8 67. Ra1 Kd4 68. Rd1+ Ke4 69. Re1+ Ne3 70. Re2 Rg8+ 71. Kf2 Rf8+ 72.
Ke1 e5 73. Rh2 Ra8 74. Ra2 Rg8 75. Ke2 Rg2+ 76. Ke1 Rg1+ 77. Kf2 Rd1 78. Ra4+ Rd4 79. Ra2 Ng4+ 80. Ke1 Ke3 81. Rg2 Ra4 82. Rg3+ Kf4 83. Rb3 e4 84. Rb2 Kf3 85. Rb8 Ra1+ 86. Kd2 e3+ 87.
Kc2 Ke2 88. Rf8 Ra7 89. Rg8 Rc7+ 90. Kb2 Nf6 91. Rf8 Ne4 92. Re8 Nf2 93. Rd8 Kf1 94. Kb3 e2 0-1

[Event "*** Titled Tuesday Blitz"]
[Site "Chess.com"]
[Date "2019.10.01"]
[Round "9"]
[White "AliKa2810"]
[Black "Nbk90"]
[Result "1/2-1/2"]
[WhiteElo "2581"]
[BlackElo "2482"]
[TimeControl "180+2"]
[EndTime "15:18:36 PDT"]
[Termination "Game drawn by 50-move rule"]

1. e4 e5 2. Nf3 Nc6 3. Bb5 a6 4. Ba4 g6 5. c3 Bg7 6. d4 exd4 7. Bg5 Nge7 8. O-O b5 9. Bb3 h6 10.
Bh4 d6 11. Nxd4 Nxd4 12. cxd4 O-O 13. Nc3 g5 14. Bg3 c5 15. dxc5 dxc5 16. Qxd8 Rxd8 17. Nd5 Nc6 18. Rad1 Nd4 19. Ne7+ Kf8 20. Bd5 Ra7 21. Bd6 Rxe7 22. Bxc5 Ne2+ 23. Kh1 Ke8 24. Rfe1 Nf4 25. Bc6+ Bd7 26. Bxe7 Kxe7 27. Bb7 Bxb2 28. Bxa6 Bc3 29. Re3 b4 30. g3 Ne6 31. Bc4 Nc5 32.
Rf3 f6 33. Re3 Ra8 34. f3 Be6 35. Bd5 Ra6 36. f4 gxf4 37. gxf4 Bxd5 38. exd5+ Kd6 39. Re2 f5 40. Rg2 Ra5 41. Rg6+ Kd7 42. Rxh6 Rxa2 43. Rg1 Ne4 44. Rgg6 Nf2+ 45. Kg1 Bd4 46. Rh7+ Bg7 47. Rhxg7+ Ke8 48. Rb7 Nh3+ 49. Kf1 Ra1+ 50. Kg2 Nxf4+ 51. Kf3 Nxg6 52. d6 Rd1 53. Rxb4 Rxd6 54. Rb5 Rf6 55. Kg3 Kf7 56. h4 f4+ 57. Kg4 f3 58. Rb1 f2 59.
Rf1 Ne5+ 60. Kg3 Nd3 61. h5 Kg7 62. Kg2 Kh6 63. Rd1 Ne1+ 64. Kf1 Kxh5 65. Rd2 Kg4 66. Rxf2 Nf3 67. Rg2+ Kf4 68. Rg8 Ke3 69. Re8+ Kf4 70. Kf2 Ng5 71. Ke2 Ne4 72. Kd3 Rd6+ 73. Kc4 Ke3 74.
Rh8 Rd4+ 75. Kb5 Rd5+ 76. Kc6 Rc5+ 77. Kb6 Rd5 78. Kc6 Rd2 79. Rh3+ Kd4 80. Rh4 Rc2+ 81. Kb5 Kd5 82. Rh5+ Kd4 83. Rh4 Rc8 84. Kb4 Rb8+ 85. Ka4 Kd3 86. Ka5 Rb2 87. Ka6 Nd6 88.
Rh6 Nc4 89. Rh3+ Kd4 90. Rh4+ Kc3 91. Rh3+ Kb4 92. Kb7 Ra2 93. Rh1 Rd2 94. Kc6 Rd6+ 95. Kc7 Rg6 96. Rb1+ Kc5 97. Rc1 Rg7+ 98. Kd8 Kd6 99.
Rd1+ Ke6 100. Re1+ Ne5 101. Kc8 Rh7 102. Kb8 Kd6 103. Rd1+ Kc5 104. Rc1+ Kb6 105. Rb1+ Kc6 106. Rc1+ Kd6 107. Rd1+ Kc5 108. Rc1+ Nc4 109. Kc8 Rg7 110. Rc2 Kd5 111. Kb8 Ne5 112. Rd2+ Kc6 113. Rc2+ Kb5 114. Rb2+ Kc4 115. Rc2+ Kb4 116. Rb2+ 1/2-1/2

[Event "*** Titled Tuesday Blitz"]
[Site "Chess.com"]
[Date "2019.10.01"]
[Round "10"]
[White "pedroholly22"]
[Black "TST2014"]
[Result "0-1"]
[WhiteElo "2330"]
[BlackElo "2541"]
[TimeControl "180+2"]
[EndTime "15:22:37 PDT"]
[Termination "TST2014 won by resignation"]

1. Nf3 Nf6 2. d4 g6 3. g3 Bg7 4.
Bg2 O-O 5. O-O d6 6. c4 c5 7. Nc3 Nc6 8. d5 Na5 9. Qd3 a6 10. b3 Bf5 11. Qe3 b5 12. cxb5 axb5 13. Nh4 b4 14.
Nxf5 gxf5 15. Na4 Ne4 16. Bxe4 fxe4 17. Rb1 f5 18. Bd2 Qe8 19. f3 Bd4 20. fxe4 Bxe3+ 21. Bxe3 fxe4 22. Bh6 Rf6 23. Bg5 Rxf1+ 0-1

[Event "*** Titled Tuesday Blitz"]
[Site "Chess.com"]
[Date "2019.10.01"]
[Round "10"]
[White "albi1999"]
[Black "XiaoKangZhong"]
[Result "1-0"]
[WhiteElo "2540"]
[BlackElo "2426"]
[TimeControl "180+2"]
[EndTime "15:22:53 PDT"]
[Termination "albi1999 won by resignation"]

1. d4 f5 2. c4 Nf6 3. Nc3 e6 4. Nf3 Be7 5. g3 O-O 6. Bg2 Ne4 7. O-O d6 8. Nxe4 fxe4 9. Ne1 d5 10. f3 exf3 11.
Nxf3 Bf6 12. b3 Kh8 13. Bb2 b6 14. cxd5 exd5 15. Ne5 Bb7 16. Kh1 Nd7 17. Qc2 Nxe5 18. dxe5 Be7 19. Rxf8+ Bxf8 20. Rd1 c5 21. Qd2 Qd7 22.
Bxd5 Rd8 23. e4 Be7 24. Qf4 Qc7 25. e6 Bd6 26. Qg5 Bf8 27. Rf1 Re8 28. Rf7 1-0

[Event "*** Titled Tuesday Blitz"]
[Site "Chess.com"]
[Date "2019.10.01"]
[Round "10"]
[White "HouseOfDurin"]
[Black "Svet99"]
[Result "1-0"]
[WhiteElo "2112"]
[BlackElo "2162"]
[TimeControl "180+2"]
[EndTime "15:22:56 PDT"]
[Termination "HouseOfDurin won by resignation"]

1. d4 Nf6 2. Bg5 d5 3. Bxf6 gxf6 4. e3 e5 5. c4 c6 6. cxd5 Qxd5 7. Nc3 Bb4 8. Ne2 Bg4 9. f3 Be6 10. a3 Bxc3+ 11. Nxc3 Qa5 12. b4 Qd8 13. Be2 Nd7 14.
O-O Qc7 15. Rc1 O-O 16. d5 cxd5 17. Nxd5 Qd6 18. Nxf6+ Nxf6 19. Qxd6 1-0